 Dungeon Crawl Stone Soup version 0.29-a0-555-g3b24f45cc1 (webtiles) character file.

Game seed: 4924742186938475667

1666 bande the Chopper (level 9, -3/54 HPs)
             Began as a Gargoyle Fighter on June 7, 2022.
             Was a Priest of Okawaru.
             Slain by Prince Ribbit (5 damage)
             ... on level 6 of the Dungeon.
             The game lasted 00:11:10 (6880 turns).

bande the Chopper (Gargoyle Fighter)                Turns: 6880, Time: 00:11:11

Health: -3/54      AC: 26    Str: 19    XL:     9   Next: 1%
Magic:  9/11       EV:  8    Int: 10    God:    Okawaru [***...]
Gold:   284        SH:  6    Dex: 13    Spells: 8/8 levels left

rFire   . . .      SeeInvis +   a - +1 war axe
rCold   . . .      Faith    .   c - +0 buckler
rNeg    + . .      Spirit   .   u - +0 plate armour
rPois   ∞          Reflect  .   g - +1 helmet
rElec   +          Harm     .   o - scarf {repulsion}
rCorr   .          Rampage  .   (no gloves)
Will    .....                   e - +0 pair of boots
Stlth   ..........              (no amulet)
HPRegen 0.18/turn               s - ring of see invisible
MPRegen 0.12/turn               (no ring)

@: heroic, repel missiles
A: sickness immunity, AC +6, negative energy resistance 1, electricity
resistance, torment resistance 1, petrification resistance, shaggy fur 1
a: Renounce Religion, Heroism


You were on level 6 of the Dungeon.
You worshipped Okawaru.
Okawaru was most pleased with you.
You visited 2 branches of the dungeon, and saw 8 of its levels.
You also visited: Sewer.

You collected 284 gold pieces.

Inventory:

Hand Weapons
 a - a +1 war axe (weapon)
 q - a +0 war axe
 v - a +0 flail
Armour
 c - a +0 buckler (worn)
 e - a +0 pair of boots (worn)
 g - a +1 helmet (worn)
 o - a scarf of repulsion (worn)
 p - a +1 leather armour of cold resistance
 u - a +0 plate armour (worn)
Jewellery
 j - an amulet of faith
 s - a ring of see invisible (left hand)
Wands
 i - a wand of acid (9)
 m - a wand of charming (7)
Scrolls
 d - 3 scrolls of poison
 f - 2 scrolls of blinking
 h - 5 scrolls of enchant weapon
 n - 3 scrolls of teleportation
 t - 2 scrolls of identify
 w - 2 scrolls of magic mapping
 z - a scroll of amnesia
Potions
 b - 3 potions of mutation
 k - 2 potions of haste
 l - 6 potions of curing
 r - a potion of flight
 x - a potion of invisibility
 A - a potion of heal wounds {unknown}


   Skills:
 + Level 5.0(10.0) Fighting
 + Level 6.5(11.5) Axes
 + Level 5.5(10.5) Armour
 - Level 0.2(5.2) Dodging
 - Level 0.1(5.1) Stealth
 + Level 5.1(10.1) Shields
 * Level 3.8 Invocations
 * Level 3.6 Evocations


You had 8 spell levels left.
You didn't know any spells.
Your spell library contained the following spells:

 Spells                   Type           Power      Damage    Failure   Level
 Portal Projectile        Hex/Tloc       0%         N/A       100%        3
 Blade Hands              Tmut           0%         N/A       100%        5
 Tukima's Dance           Hex            Unusable   N/A       N/A         3

Dungeon Overview and Level Annotations

Branches:
Dungeon (7/15)             Temple (1/1) D:4           Sewer (visited)

Altars:
Ashenzari
Cheibriados
Dithmenos
Elyvilon
Fedhas
Hepliaklqana
Kikubaaqudgha
Makhleb
Nemelex Xobeh
Okawaru
Qazlal
Ru
Sif Muna
Trog
Uskayaw
Vehumet
Xom
Yredelemnul
Zin
The Shining One

Annotations:
D:6 Prince Ribbit


Innate Abilities, Weirdness & Mutations

You are immune to sickness and miasma.
Your stone body is resilient. (AC +6)
You are immune to poison.
You resist negative energy. (rN+)
You are resistant to electric shocks. (rElec)
You are resistant to unholy torment.
You are immune to petrification.
You are covered in fur. (AC +1)


Message History

You are engulfed in a cloud of scalding steam.
The kobold is engulfed in a cloud of scalding steam.
The kobold dies!
The shadow imp is engulfed in a cloud of scalding steam.
The shadow imp dies!
The steam dragon attacks as you move away!
The steam dragon bites you but does no damage.
The steam dragon claws you but does no damage.
The steam dragon attacks as you move away!
The steam dragon bites you but does no damage.
You block the steam dragon's attack.
Prince Ribbit is engulfed in a cloud of scalding steam.
Prince Ribbit lets out a mournful croak.
The steam dragon breathes steam at you. The ball of steam hits you!
You are engulfed in a cloud of scalding steam.
You are engulfed in a cloud of scalding steam.
Really walk into that cloud of steam?
Okay, then.
Really walk into that cloud of steam?
Okay, then.
Prince Ribbit blinks!
Prince Ribbit is engulfed in a cloud of scalding steam.
Prince Ribbit hits you but does no damage.
Prince Ribbit attacks as you move away! Prince Ribbit hits you!
* * * LOW HITPOINT WARNING * * *
There is a stone staircase leading up here.
The sentinel's mark upon you fades away.
Prince Ribbit hits you but does no damage.
Prince Ribbit hops awkwardly around.
Prince Ribbit hits you but does no damage.
You climb upwards.
There is a stone staircase leading down here.
You feel better. Prince Ribbit hits you!
* * * LOW HITPOINT WARNING * * *
You gain the combat prowess of a mighty hero.
Prince Ribbit hits you.
* * * LOW HITPOINT WARNING * * *
Prince Ribbit hits you.
You die...

########.####.######
.......#.####......#####
.#####...........#.....#
.# ###.####.##.#.###.# .#
#......##....)#.# .###
######.####.#.#.# ...#
#######.####.#.#.#
)..####.......)........#
.....##.......##@F.....##
.....##.......##.#......#
.....##.......##.#.#.#..#
...####.......##.#...#..#
...# #.......##.#..##..#
.### #..###..##.#......#
.# #..# #.###....?..##
.######..###.######.####
.#......[.........#.###


You could see Prince Ribbit.

Vanquished Creatures
  Eustachio (D:6)
  2 ice beasts
  2 ogres (D:6)
  2 phantoms
  A kobold brigand (D:6)
  6 scorpions
  2 howler monkeys
  2 jellies
  4 iguanas
  A hell rat (Sewer)
  14 adders
  10 river rats
  A shadow imp (D:5)
  A white imp (D:6)
  A dart slug (D:1)
  13 orcs
  6 bats
  7 endoplasms
  A giant cockroach (D:2)
  9 goblins
  4 hobgoblins
  2 jackals (D:2)
  9 kobolds
  7 quokkas
  6 ball pythons
  2 frilled lizards
  14 rats
130 creatures vanquished.

Vanquished Creatures (others)
  A shadow imp (D:7)
  A kobold (D:7)
2 creatures vanquished.

Grand Total: 132 creatures vanquished

Notes
Turn   | Place    | Note
-------+----------+-------------------------------------------
     0 | D:1      | bande the Gargoyle Fighter began the quest for the Orb.
     0 | D:1      | Reached XP level 1. HP: 14/14 MP: 1/1
    59 | D:1      | Reached XP level 2. HP: 18/19 MP: 2/2
   138 | D:1      | Gained mutation: You are covered in fur. (AC +1) [potion of
                  | mutation]
   197 | D:1      | Reached skill level 2 in Axes
   807 | D:2      | Reached XP level 3. HP: 21/23 MP: 3/3
   958 | D:2      | Found a faded altar of an unknown god.
  1124 | D:2      | Reached XP level 4. HP: 16/29 MP: 4/4
  1990 | D:3      | Noticed a phantom
  1998 | D:3      | Reached skill level 3 in Axes
  2010 | D:3      | Killed a phantom
  2011 | D:3      | Reached skill level 1 in Evocations
  2011 | D:3      | Reached XP level 5. HP: 28/33 MP: 5/5
  3216 | D:4      | Reached XP level 6. HP: 33/38 MP: 6/6
  3265 | D:4      | Found a staircase to the Ecumenical Temple.
  3273 | Temple   | Entered the Ecumenical Temple
  3470 | Temple   | Became a worshipper of Warmaster Okawaru
  3552 | D:4      | Reached skill level 4 in Axes
  3661 | D:5      | Entered Level 5 of the Dungeon
  3852 | D:5      | Reached skill level 1 in Invocations
  3896 | D:5      | Reached * piety under Okawaru
  3897 | D:5      | Reached XP level 7. HP: 41/43 MP: 6/8
  3941 | D:5      | Reached skill level 5 in Axes
  4131 | D:5      | Found a glowing golden altar of the Shining One.
  4131 | D:5      | Found a sparkling altar of Nemelex Xobeh.
  4132 | D:5      | Found a bloodstained altar of Trog.
  4133 | D:5      | Found a snail-covered altar of Cheibriados.
  4134 | D:5      | Found a shimmering altar of Xom.
  4222 | D:5      | Found a shimmering blue altar of Sif Muna.
  4665 | D:6      | Reached ** piety under Okawaru
  4671 | D:6      | Reached XP level 8. HP: 27/48 MP: 9/9
  4844 | D:6      | Noticed Eustachio
  4890 | D:6      | Found a glowing drain.
  4895 | Sewer    | Entered a sewer
  5350 | Sewer    | Reached skill level 5 in Armour
  5556 | D:6      | Killed Eustachio
  5808 | D:6      | Reached skill level 6 in Axes
  5947 | D:6      | Found an ancient bone altar of Kikubaaqudgha.
  6135 | D:6      | Reached skill level 5 in Fighting
  6497 | D:6      | Reached *** piety under Okawaru
  6498 | D:6      | Reached skill level 5 in Shields
  6851 | D:7      | Reached XP level 9. HP: 54/54 MP: 11/11
  6860 | D:7      | Noticed a two-headed ogre
  6861 | D:7      | Noticed Prince Ribbit
  6880 | D:6      | HP: 2/54 [Prince Ribbit (6)]
  6880 | D:6      | Slain by Prince Ribbit

Illustrated notes

Levels and vault maps discovered:
D:1:      minmay_arrival_radiant_lines, layout_loops_ring, corner_web_ring
D:2:      layout_basic, shapermc_ecumenical_altar_pompeii, fountainhead
D:3:      layout_basic, minmay_misc_feat_iff
D:4:      layout_loops_ring, minmay_temple_entry_overgrown, kennysheep_nub
D:5:      layout_loops_ring, lemuel_blue_sif_altar, grunt_temple_overflow_open
D:6:      layout_loops_cross, lemuel_doored_altar, lightli_sewer_entry_pipes,
          uniq_eustachio
D:7:      layout_basic, uniq_prince_ribbit1, uniq_pikel, uniq_duvessa
Temple:   regret_index_temple_generic_petals

Skill      XL: |  1  2  3  4  5  6  7  8 |
---------------+-------------------------+-----
Axes           | 2 3 4 5 6 |  6.5
Armour         | 4 5 |  5.5
Evocations     | 1 2 3 |  3.6
Fighting       | 4 5 |  5.0
Invocations    | 1 2 3 |  3.8
Shields        | 4 5 |  5.1
Dodging        | |  0.2
Stealth        | |  0.1

Action                   |  1- 3 |  4- 6 |  7- 9 || total
-------------------------+-------+-------+-------++-------
Melee: War axe           |   135 |   141 |   373 ||   649
Invok: Heroism           |       |       |     2 ||     2
  Use: Scroll            |     5 |     5 |     7 ||    17
       Potion            |     1 |       |     3 ||     4
Armor: Scale mail        |    88 |    43 |       ||   131
       Chain mail        |       |    43 |    27 ||    70
       Plate armour      |       |       |   384 ||   384
Dodge: Dodged            |    85 |    59 |   139 ||   283
Block: Buckler           |    33 |    44 |   128 ||   205

Table legend: (Time is in decaauts)
 A = Elapsed time spent in this place.
 B = Non-inter-level travel time spent in this place.
 C = Inter-level travel time spent in this place.
 D = Time resting spent in this place.
 E = Time spent auto-exploring this place.
 F = Levels seen in this place.
 G = Mean time per level.
                   A        B        C        D        E       F      G
               +--------+--------+--------+--------+--------+-----+--------+
         Total |   7139 |   6994 |    145 |    761 |   4616 |   9 |  793.2 |
       Dungeon |   6398 |   6275 |    123 |    420 |   4352 |   7 |  914.0 |
        Temple |    220 |    198 |     22 |      0 |    190 |   1 |  220.0 |
         Sewer |    519 |    519 |      0 |    341 |     74 |   1 |  519.0 |
               +--------+--------+--------+--------+--------+-----+--------+

Top non-repeatable levels by time:
     D:6: 1801 daAuts
     D:3: 1075 daAuts
     D:5: 1018 daAuts
     D:2: 966 daAuts
     D:4: 800 daAuts
     D:1: 696 daAuts
   Sewer: 519 daAuts
  Temple: 220 daAuts
     D:7: 39 daAuts
